Map: Echo LE (Void)

Players

True

  • Race: Zerg Zerg
  • League: Master
  • Spawn Location: 5:00

Optimus - Winner!

  • Race: Terran Terran
  • League: Master
  • Spawn Location: 11:00

VOD

Have the link to the VOD?

Description

Time

  • Played on: Jan. 17, 2017, 4:48 p.m.
  • Length: 10:03
Show
View Real Time Build Order
Export as new Build Order

True Zerg 

Build Orders: Hatch First 

Get SALT Encoding   

  12  0:01  Drone  
  13  0:12  Overlord  
  13  0:17  Drone  
  14  0:31  Drone x2  
  14  0:35  Drone  
  17  0:52  Hatchery  
  17  0:55  Drone  
  17  1:08  Spawning Pool  
  17  1:10  Extractor  
  15  1:13  Drone  
  15  1:17  Drone  
  17  1:20  Drone  
  18  1:29  Drone  
  19  1:38  Overlord  
  19  1:54  Queen  
  19  1:58  Zergling x2  
  19  2:00  Zergling x2  
  23  2:03  Queen  
  23  2:05  Zergling x2  
  26  2:09  Metabolic Boost  
  26  2:12  Drone  
  26  2:14  Drone  
  28  2:24  Drone  
  28  2:25  Zergling x2  
  30  2:34  Zergling x2  
  30  2:36  Zergling x2  
  31  2:45  Queen  
  31  2:48  Zergling x4  
  34  2:54  Overlord  
  34  2:58  Zergling x2  
  35  3:05  Zergling x2  
  33  3:08  Zergling x2  
  32  3:13  Zergling x4  
  32  3:15  Zergling x4  
  32  3:17  Zergling x2  
  32  3:18  Zergling x4  
  38  3:21  Zergling x2  
  36  3:27  Zergling x2  
  35  3:34  Zergling x2  
  36  3:42  Zergling x2  
  36  3:43  Zergling x2  
  37  3:50  Zergling x2  
  39  3:55  Zergling x2  
  39  3:56  Overlord  
  39  3:59  Zergling x2  
  39  4:00  Zergling x2  
  41  4:04  Zergling x4  
  43  4:13  Zergling x2  
  43  4:14  Overlord  
  43  4:15  Zergling x4  
  43  4:16  Zergling x2  
  47  4:31  Overlord  
  47  4:32  Drone  
  47  4:37  Drone  
  46  4:42  Drone x3  
  47  4:46  Drone  
  47  4:47  Drone x3  
  50  4:54  Drone x2  
  52  5:02  Drone  
  52  5:03  Drone  
  54  5:08  Hatchery  
  54  5:12  Drone  
  54  5:13  Drone  
  55  5:17  Evolution Chamber, Extractor  
  53  5:24  Drone x3  
  53  5:25  Drone  
  57  5:29  Drone x2  
  57  5:30  Drone  
  60  5:36  Drone  
  60  5:37  Drone  
  62  5:46  Queen  
  62  5:47  Overlord  
  62  5:48  Drone  
  62  5:49  Evolution Chamber  
  64  5:53  Drone  
  64  5:56  Drone x2  
  67  5:57  Drone  
  67  5:59  Zerg Ground Armor Level 1  
  67  6:00  Overlord  
  67  6:04  Overlord  
  68  6:05  Drone  
  68  6:06  Drone  
  68  6:08  Drone  
  71  6:13  Drone  
  71  6:15  Zerg Melee Weapons Level 1  
  72  6:20  Zergling x2  
  72  6:22  Zergling x6  
  72  6:23  Zergling x4  
  72  6:24  Queen  
  72  6:25  Baneling Nest  
  79  6:29  Zergling x2  
  79  6:30  Zergling x4  
  82  6:40  Overlord  
  82  6:43  Overlord x2  
  82  6:49  Overlord  
  82  6:50  Overlord  
  82  6:55  Overlord  
  82  7:06  Drone x11  
  92  7:19  Drone x3  
  92  7:21  Queen  
  97  7:25  Spore Crawler  
  97  7:26  Zergling x12  
  97  7:29  Spore Crawler  
  101  7:30  Zergling x4  
  101  7:32  Zergling x2  
  101  7:35  Zergling x2  
  105  7:40  Zergling x6  
  105  7:42  Zergling x2  
  101  7:49  Zergling x4  
  100  7:53  Spore Crawler  
  93  7:59  Zergling x2  
  93  8:02  Zergling x2  
  93  8:03  Overlord  
  93  8:04  Lair  
  94  8:09  Zergling x2  
  92  8:13  Zergling x4  
  92  8:17  Pneumatized Carapace  
  92  8:18  Zergling x2  
  92  8:19  Zergling x4  
  96  8:21  Hatchery  
  96  8:22  Zergling x6, Burrow  
  96  8:25  Zergling x2  
  98  8:31  Zergling x2  
  98  8:32  Zergling x2  
  93  8:34  Hatchery  
  89  8:46  Zergling x12  
  89  8:47  Zergling x2  
  90  8:51  Zergling x8  
  90  8:53  Zergling x8  
  90  8:54  Zergling x2  
  99  8:56  Zergling x2  
  99  8:58  Extractor  
  99  9:02  Baneling x9  
  98  9:03  Zergling x4, Baneling  
  98  9:04  Zergling x6  
  98  9:11  Zergling x2  
  98  9:12  Zergling x2  
  98  9:13  Zergling x2  
  101  9:17  Zergling x2  
  101  9:22  Zergling x4  
  104  9:27  Zergling x6  
  106  9:32  Zergling x2  
  106  9:33  Zergling x2  
  106  9:35  Zergling x10  
Show
View Real Time Build Order
Export as new Build Order

Optimus Terran - Winner!

Build Orders: MMM Bio 

Get SALT Encoding   

  12  0:00  SCV  
  13  0:12  SCV  
  14  0:17  Supply Depot  
  14  0:25  SCV  
  15  0:28  Refinery  
  15  0:38  SCV  
  16  0:44  Barracks  
  16  0:50  SCV  
  17  1:02  Barracks  
  17  1:07  SCV  
  18  1:21  Barracks  
  18  1:26  SCV  
  18  1:31  Reaper  
  20  1:42  Orbital Command  
  20  1:49  Reaper  
  21  1:54  Supply Depot  
  21  2:01  Refinery  
  21  2:03  Reaper  
  21  2:08  Reaper  
  23  2:16  SCV  
  24  2:24  Supply Depot  
  24  2:27  Reaper  
  24  2:28  SCV  
  26  2:36  Reaper  
  27  2:40  SCV  
  28  2:45  Reaper  
  29  2:53  SCV  
  30  3:05  Command Center  
  30  3:06  Reaper  
  31  3:17  SCV  
  31  3:18  Reaper  
  33  3:24  Factory  
  33  3:29  SCV  
  34  3:37  Reaper  
  35  3:41  SCV  
  34  3:57  SCV  
  34  4:00  Barracks Tech Lab  
  36  4:09  SCV  
  37  4:14  Barracks Reactor  
  37  4:16  Refinery  
  37  4:19  Barracks Reactor  
  37  4:21  Stimpack, Orbital Command, SCV  
  37  4:22  Marine  
  38  4:31  Starport  
  38  4:34  SCV  
  36  4:40  Marine  
  36  4:46  SCV  
  36  4:48  SCV  
  35  4:53  Marine x2  
  35  4:54  Factory Reactor  
  35  4:57  Marine  
  35  4:58  Engineering Bay, SCV  
  35  4:59  Engineering Bay  
  38  5:00  SCV  
  38  5:04  Supply Depot  
  38  5:05  Marine  
  38  5:06  Marine  
  41  5:10  SCV  
  41  5:11  Marine x2  
  41  5:12  SCV  
  41  5:14  Supply Depot  
  45  5:15  Marine  
  46  5:23  Marine  
  46  5:24  Marine  
  48  5:28  Marine  
  48  5:29  Terran Infantry Weapons Level 1, Marine, Terran Infantry Armor Level 1  
  48  5:33  Marine, SCV x2  
  53  5:38  Medivac x2  
  53  5:42  Marine  
  57  5:43  Marine  
  57  5:45  SCV  
  57  5:46  Marine, SCV  
  62  5:50  Supply Depot  
  62  5:52  Marine x2  
  64  5:57  Liberator x2, SCV  
  64  6:00  Marine  
  64  6:01  Marine  
  67  6:04  Marine  
  67  6:05  SCV  
  67  6:10  SCV  
  70  6:11  Marine x2  
  78  6:26  Command Center  
  78  6:35  Supply Depot  
  78  6:36  Marine x4  
  82  6:40  Barracks  
  82  6:46  Barracks  
  82  6:47  SCV x2  
  84  6:55  Factory Reactor, Armory  
  84  6:59  SCV x2  
  84  7:00  Refinery  
  86  7:06  Marine  
  86  7:08  Marine x4  
  91  7:17  Medivac  
  91  7:18  Medivac  
  91  7:21  Supply Depot  
  94  7:29  Supply Depot  
  94  7:31  Combat Shields, Supply Depot  
  94  7:37  Marine  
  94  7:41  Orbital Command  
  88  7:45  Marine x2  
  88  7:50  Barracks Reactor  
  90  7:56  Factory Reactor  
  88  7:59  Medivac  
  88  8:00  Medivac  
  88  8:04  Marine x3  
  94  8:06  Marine  
  94  8:11  Marine x3  
  92  8:15  Orbital Command  
  91  8:22  Marine x2  
  91  8:24  SCV x2  
  95  8:31  Marine x2  
  95  8:32  Marine x5  
  99  8:38  Medivac x2  
  103  8:42  SCV x2  
  103  8:45  Marine x2  
  108  8:51  Supply Depot  
  108  9:02  Widow Mine x2  
  105  9:03  Marine x2  
  105  9:08  Medivac x2  
  113  9:11  Factory, SCV  
  113  9:15  Marine x7  
  121  9:20  SCV  
  121  9:21  Marine  
  121  9:22  Supply Depot  
  121  9:23  SCV  
  121  9:24  SCV  
  125  9:32  Barracks x2  
  125  9:34  Refinery  
  125  9:37  Marine  
  122  9:42  Marine  
  122  9:43  Marine x6  
  114  10:03  Factory Tech Lab  
Tags
 
Composition
MMM Bio
Matchup
TvZ
Player
True
Spawn Locations
Cross Positions
Add a new tag
Caveats
  • Supply blocks, unpowered buildings, or Contaminate may cause inaccurate times.
  • Supply counts are checked every 10 seconds.